 Dungeon Crawl Stone Soup version 0.20.0-1-g1cb1d84 (webtiles) character file.

228 HeyBub the Slasher (level 5, -7/47 HPs)
             Began as a Minotaur Monk on May 26, 2017.
             Mangled by a gnoll
             ... wielding a +0 halberd
              (16 damage)
             ... on level 4 of the Dungeon.
             The game lasted 00:03:30 (2514 turns).

HeyBub the Slasher (Minotaur Monk)                  Turns: 2514, Time: 00:03:30

Health: -7/47      AC:  5    Str: 21      XL:     5   Next: 70%
Magic:  4/4        EV: 20    Int:  7      God:
Gold:   219        SH:  0    Dex: 17 (18) Spells: 4/4 levels left

rFire    + . .     SeeInvis .   a - +0 falchion
rCold    . . .     Gourm    .   (no shield)
rNeg     . . .     Faith    .   b - +2 robe
rPois    .         Spirit   .   (helmet restricted)
rElec    .         Reflect  .   (no cloak)
rCorr    .         Harm     .   (no gloves)
MR       .....                  g - +0 pair of boots (curse)
Stlth    +++.......             (no amulet)
Regen    0.2/turn               j - ring of protection from fire (curse)
MPRegen  0.1/turn               o - +5 ring of strength

@: agile
A: retaliatory headbutt, horns 2
a: no special abilities


You were on level 4 of the Dungeon.
You were very hungry.

You visited 1 branch of the dungeon, and saw 4 of its levels.

You collected 219 gold pieces.

Inventory:

Hand Weapons
 a - a +0 falchion (weapon)
Armour
 b - a +2 robe (worn)
 g - a cursed +0 pair of boots (worn)
Jewellery
 h - an uncursed ring of magical power
 j - a cursed ring of protection from fire (left hand)
 o - a +5 ring of strength (right hand)
 s - an uncursed ring of protection from cold {unknown}
Wands
 l - a wand of confusion (3/48)
Scrolls
 e - 2 scrolls of amnesia
 m - a scroll of teleportation {unknown}
 n - a scroll of immolation {unknown}
 p - a scroll of identify
 r - a scroll of blinking
Potions
 f - 2 potions of brilliance
Comestibles
 c - 5 bread rations
 i - a royal jelly
 k - 2 meat rations


   Skills:
 + Level 4.6 Fighting
 + Level 6.0 Long Blades
 + Level 4.8 Dodging
 - Level 1.5 Stealth


You had 4 spell levels left.
You didn't know any spells.

Dungeon Overview and Level Annotations

Branches:
Dungeon (4/15)
 Temple: D:4-7

Altars:
Ashenzari
Makhleb

Shops:
D:4 !


Innate Abilities, Weirdness & Mutations

You reflexively headbutt those who attack you in melee.
You have a pair of horns on your head.


Message History

You hit the gnoll but do no damage. Your headbutt misses the gnoll.
The gnoll closely misses you. The gnoll hits you with a spear!
* * * LOW HITPOINT WARNING * * *
The gnoll closely misses you. The gnoll barely misses you.
The gnoll completely misses you. The gnoll closely misses you.
The gnoll hits you from afar with a spear.
* * * LOW HITPOINT WARNING * * *
The gnoll barely misses you.
The gnoll shaman calls upon its god to speed up the gnoll.
The gnoll seems to speed up.
The gnoll closely misses you.
Okay, then.
The gnoll hits you from afar with a spear.
* * * LOW HITPOINT WARNING * * *
The gnoll hits you but does no damage. The gnoll barely misses you.
You furiously retaliate!
You headbutt the gnoll!
The gnoll hits you from afar with a halberd!
You die...

#.#.........(#.#####
##.###...#......#
##.#.#...........#
###.###.[........g.#
##..## ##...........#
.....# #.#...#).....#
##.#.>#.#######.g...#
#.#.#.# ##g#..#
#.##### #@#..# #.#
#.#..# ##.# #.#..#
...# #.#..# # .#
#..... #.# ..# ##.#
### ...#


You could see a gnoll shaman and 2 gnolls.

Vanquished Creatures
  A howler monkey (D:4)
  An iguana (D:4)
  3 gnolls
  7 adders
  3 worms
  2 dart slugs (D:2)
  3 leopard geckos
  2 orcs
  4 giant cockroaches
  8 goblins
  9 hobgoblins
  A kobold (D:1)
  5 quokkas
  A ball python skeleton (D:4)
  3 bats
  8 rats
61 creatures vanquished.

Notes
Turn   | Place    | Note
-------+----------+-------------------------------------------
     0 | D:1      | HeyBub the Minotaur Monk began the quest for the Orb.
     0 | D:1      | Reached XP level 1. HP: 19/19 MP: 0/0
   520 | D:1      | Reached XP level 2. HP: 12/27 MP: 1/1
   797 | D:2      | Reached skill level 4 in Long Blades
   818 | D:2      | Reached XP level 3. HP: 32/33 MP: 2/2
   825 | D:2      | Found a burning altar of Makhleb.
   834 | D:2      | Found a shattered altar of Ashenzari.
  1466 | D:3      | Reached XP level 4. HP: 40/40 MP: 3/3
  1941 | D:3      | Reached skill level 5 in Long Blades
  2390 | D:3      | Reached XP level 5. HP: 47/47 MP: 4/4
  2431 | D:4      | Found Tavogolusu's Distillery.
  2491 | D:4      | Reached skill level 6 in Long Blades
  2514 | D:4      | Mangled by a gnoll

Skill      XL: |  1  2  3  4  5 |
---------------+----------------+-----
Fighting       | 4 |  4.6
Long Blades    | 4 5 6 |  6.0
Dodging        | 4 |  4.8
Stealth        | |  1.5

Action                   |  1- 3 |  4- 6 || total
-------------------------+-------+-------++-------
Melee: Falchion          |    52 |    90 ||   142
       Headbutt          |     9 |    20 ||    29
  Use: Scroll            |     5 |       ||     5
       Potion            |     3 |     3 ||     6
 Stab: Sleeping          |     1 |     3 ||     4
  Eat: Chunk             |       |     4 ||     4
Armor: Robe              |     8 |    22 ||    30
Dodge: Dodged            |    42 |    72 ||   114
       Rpst.: Falchion   |     9 |    19 ||    28
